 Dungeon Crawl Stone Soup version 0.22-a0-614-g34fbaa0 (webtiles) character file.

41 royokou the Conjurer (level 3, -3/26 HPs)
             Began as a Draconian Conjurer on July 11, 2018.
             Slain by Sigmund
             ... wielding a +0 scythe
              (5 damage)
             ... on level 2 of the Dungeon.
             The game lasted 00:08:39 (1619 turns).

royokou the Conjurer (Draconian Conjurer)           Turns: 1619, Time: 00:08:40

Health: -3/26      AC:  6    Str: 10    XL:     3   Next: 32%
Magic:  0/7        EV: 12    Int: 16    God:
Gold:   33         SH:  0    Dex: 11    Spells: 4/7 levels left

rFire    . . .     SeeInvis .   e - +0 short sword
rCold    . . .     Gourm    .   (no shield)
rNeg     . . .     Faith    .   (armour unavailable)
rPois    .         Spirit   .   (helmet restricted)
rElec    .         Reflect  .   (no cloak)
rCorr    .         Harm     .   a - +0 pair of gloves
MR       .....                  (no boots)
Stlth    ++........             (no amulet)
HPRegen  0.08/turn              (no ring)
MPRegen  0.10/turn              (no ring)

@: no status effects
A: unfitting armour, cold-blooded, AC +5
a: no special abilities


You were on level 2 of the Dungeon.
You were not hungry.

You visited 1 branch of the dungeon, and saw 2 of its levels.

You collected 33 gold pieces.

Inventory:

Hand Weapons
 e - a +0 short sword (weapon)
Armour
 a - a +0 pair of gloves (worn)
Wands
 f - a wand of random effects (24)
Scrolls
 c - 3 scrolls of identify {unknown}
 d - 2 scrolls of teleportation {unknown}
Comestibles
 b - 4 rations
 g - 2 chunks of flesh


   Skills:
 - Level 1.7 Dodging
 - Level 1.7 Stealth
 + Level 2.8 Spellcasting
 + Level 4.6 Conjurations


You had 4 spell levels left.
You knew the following spells:

 Your Spells              Type           Power        Failure   Level  Hunger
a - Magic Dart            Conj           ###.         2%          1    #......
b - Searing Ray           Conj           ###...       4%          2    ##.....

Your spell library contained the following spells:

 Spells                   Type           Power        Failure   Level  Hunger
 Iskenderun's Mystic Bla  Conj           ###.....     28%         4    #####..
 Fulminant Prism          Conj/Hex       #.........   58%         4    #####..
 Dazzling Spray           Conj/Hex       #.....       22%         3    ###....
 Force Lance              Conj/Tloc      #.......     58%         4    #####..


Dungeon Overview and Level Annotations

Branches:
Dungeon (2/15)

Altars:

Annotations:
D:2 exclusions: upstairs and 2 more exclusions, Sigmund


Innate Abilities, Weirdness & Mutations

Your plain brown scales are hard. (AC +5)
You cannot fit into any form of body armour.
You are cold-blooded and may be slowed by cold attacks.


Message History

Something hits you.
The searing ray hits something.
The searing ray hits something.
Something hits you but does no damage.
The searing ray hits something.
You finish channeling your searing ray.
Something hits you!
* * * LOW HITPOINT WARNING * * *
Casting: Searing Ray (safe; 4% risk of failure)
Confirm with . or Enter, or press ? or * to list all spells.
You can't see any susceptible monsters within range! (Use Z to cast anyway.)
Casting: Searing Ray (safe; 4% risk of failure)
Confirm with . or Enter, or press ? or * to list all spells.
Aiming: Searing Ray (safe; 4% risk of failure)
Press: ? - help, Shift-Dir - straight line The searing ray hits something. (Press . to maintain the ray.)
Something hits you.
* * * LOW HITPOINT WARNING * * *
You barely miss something. Something hits you but does no damage.
You barely miss something. Something hits you.
You die...

###.#####.# #.# #<......#.# #.#
........#.# #.# ###..####.# #.#
#.(## #.# #.# ###(..###.#
#.##### ...(....#.# #.....#
.(......#.############.#
.....#..#......{@......#
....##.##############..########
...##..# #........<# ##.....##
###.######### ...##...######
#.......# ..##.........#
#.#.###.# ..#.......[..# #.#.#
#.# .............# #.#.# #.#
............## #.#.###.#


There were no monsters in sight!

Vanquished Creatures
  An adder (D:2)
  A dart slug (D:2)
  A leopard gecko (D:1)
  3 goblins
  6 hobgoblins
  6 bats (D:1)
  4 frilled lizards
  3 kobolds (D:1)
  4 rats (D:1)
29 creatures vanquished.

Notes
Turn   | Place    | Note
-------+----------+-------------------------------------------
     0 | D:1      | royokou the Draconian Conjurer began the quest for the Orb.
     0 | D:1      | Reached XP level 1. HP: 14/14 MP: 3/3
   368 | D:1      | Reached XP level 2. HP: 20/20 MP: 1/5
   415 | D:1      | Learned a level 2 spell: Searing Ray
  1136 | D:2      | Noticed Sigmund
  1331 | D:2      | Reached XP level 3. HP: 19/26 MP: 0/7
  1619 | D:2      | Slain by Sigmund

Vault maps used:
D:1:      scummos_arrival_star, st_stairs_10
D:2:      overflow_temple_1_default, minmay_pentomino_w2, uniq_sigmund,
          uniq_jessica

Action                   || total
-------------------------++-------
Melee: Unarmed           ||    29
       Short sword       ||    26
       Tailslap          ||     4
 Cast: Magic Dart        ||    32
       Searing Ray       ||     7
 Stab: Sleeping          ||     1
  Eat: Chunk             ||     3
Armor: Skin              ||    63
Dodge: Dodged            ||    74

Table legend:
 A = Spawn XP
 B = Non-spawn XP
 C = Spawn XP percentage of total XP
 D = Spawn monster count
 E = Non-spawn monster count
 F = Spawn count percentage of total count
 G = Total turns spent on level
                    A         B        C        D         E        F      G
               +---------+---------+-------+---------+---------+-------+---------
         Total |       0 |      59 |   0.0 |       0 |      29 |   0.0 |  1619
               +---------+---------+-------+---------+---------+-------+---------
           D:1 |       0 |      37 |   0.0 |       0 |      24 |   0.0 |  1229
           D:2 |       0 |      22 |   0.0 |       0 |       5 |   0.0 |   390
               +---------+---------+-------+---------+---------+-------+---------
